AoeStats
← nikolai3toaster

Arena

507751561Analyzed
1v1 RM · 13d ago on Sep 19, 2026· 35m 43s· 2 players
Game mode
Random Map
Map size
Tiny (2 player)
Population
200
Speed
Normal
Resources
Standard
Victory
Conquest
Starting age
Dark Age
Ending age
Imperial Age
RankedLock teamsTeams togetherTeam positionsShared explorationLock speedFull tech treeHidden civsTurbo modeCheats
Victory
Defeat
🇩🇰 Japanese · Denmark
781
+15
🇨🇭 Celts · Switzerland
760
-15
nikolai3toaster
12:27 Feudal Age
13:40 Double-Bit Axe
15:26 Loom
16:00 Horse Collar
19:40 Stone Mining
19:43 Gold Mining
24:10 Castle Age
22:45 Scale Barding Armor
22:51 Forging
25:11 Husbandry
25:53 Iron Casting
25:39 Chain Barding Armor
26:24 Heavy Plow
31:07 Scale Mail Armor
31:45 Arson
hassan.chahrour
10:00 Feudal Age
18:53 Castle Age
18:22 Horse Collar
18:52 Fletching
19:31 Loom
22:17 Wheelbarrow
29:30 Imperial Age
27:08 Gold Mining
31:00 Bodkin Arrow
32:46 Heavy Plow
Connection lost

Rejoining the realm…

Still unreachable

The connection could not be restored.

Session expired

The server has moved on; the page needs a fresh start.